 Dungeon Crawl Stone Soup version 0.26-a0-639-g72c4674329 (webtiles) character file.

Game seed: 11296984775266587823

2106 Ijustatesigmund the Slinger (level 9, -5/59 HPs)
             Began as a Halfling Hunter on Sept 17, 2020.
             Was a Believer of Cheibriados.
             Slain by an orc
             ... wielding a +0 whip
              (7 damage)
             ... while paralysed by a hornet
             ... on level 7 of the Dungeon.
             The game lasted 00:12:23 (6356 turns).

Ijustatesigmund the Slinger (Halfling Hunter)       Turns: 6356, Time: 00:12:24

Health: -5/59      AC:  5    Str: 18    XL:     9   Next: 53%
Magic:  12/12      EV:  3    Int: 10    God:    Cheibriados [**....]
Gold:   340        SH:  0    Dex: 22    Spells: 8/8 levels left

rFire    . . .     SeeInvis .   n - +5 morningstar of the Dwarven Hall {vorpal, +Blink rPois rN++ Int-5}
rCold    + . .     Faith    .   (shield restricted)
rNeg     + + .     Spirit   .   c - +2 leather armour {rC+}
rPois    +         Reflect  .   (no helmet)
rElec    .         Harm     .   (no cloak)
rCorr    .         Rampage  .   (no gloves)
MR       .....     Clarity  +   (no boots)
Stlth    +++.......             m - amulet of the acrobat
HPRegen  0.19/turn              (no ring)
MPRegen  0.13/turn              (no ring)

@: paralysed, drained, very slow
A: small, clarity, mutation resistance 1
a: Bend Time, Renounce Religion, Evoke Blink


You were on level 7 of the Dungeon.
You worshipped Cheibriados.
Cheibriados was pleased with you.
You visited 2 branches of the dungeon, and saw 8 of its levels.

You collected 340 gold pieces.

Inventory:

Hand Weapons
 a - a +3 hunting sling
 b - a cursed -2 rapier
 n - the +5 morningstar of the Dwarven Hall (weapon) {vorpal, +Blink rPois rN++ Int-5}
   (You found it on level 4 of the Dungeon)

   It inflicts extra damage upon your enemies.
   It affects your intelligence (-5).
   It protects you from poison.
   It greatly protects you from negative energy.
   It lets you blink.
Missiles
 h - 158 stones (quivered)
Armour
 c - a +2 leather armour of cold resistance (worn)
Jewellery
 m - an amulet of the acrobat (around neck)
Wands
 g - a wand of disintegration (9)
Scrolls
 d - a scroll of magic mapping
 e - 2 scrolls of remove curse
 i - a scroll of enchant armour
 l - 3 scrolls of teleportation
 r - a scroll of blinking
Potions
 j - a potion of cancellation
 k - a potion of might
 o - 2 potions of lignification {unknown}
 p - 5 potions of heal wounds {unknown}
 q - a potion of mutation


   Skills:
 + Level 4.4(3.7) Fighting
 - Level 5.9(5.2) Short Blades
 + Level 8.7(8.0) Slings
 + Level 3.9(3.2) Armour
 + Level 4.1(3.5) Dodging
 - Level 6.0(5.4) Stealth
 + Level 5.2(4.6) Invocations


You had 8 spell levels left.
You didn't know any spells.
Your spell library contained the following spells:

 Spells                   Type           Power        Failure   Level
 Confusing Touch          Hex            #.......     80%         3
 Gell's Gravitas          Tloc           #.........   80%         3
 Petrify                  Tmut/Erth      #.......     99%         4
 Metabolic Englaciation   Hex/Ice        #.........   100%        5
 Yara's Violent Unravell  Hex/Tmut       #.........   100%        5


Dungeon Overview and Level Annotations

Branches:
Dungeon (7/15)             Temple (1/1) D:4

Altars:
Ashenzari
Cheibriados
Elyvilon
Fedhas
Gozag
Makhleb
Trog
Yredelemnul
Zin


Innate Abilities, Weirdness & Mutations

You are small and have problems with some larger weapons.
You are somewhat resistant to further mutation.
You possess an exceptional clarity of mind.


Message History

You feel drained.
You feel stupid.
n - the +5 morningstar of the Dwarven Hall (weapon)
{vorpal, +Blink rPois rN++ Int-5} You feel sick.
The hornet misses you. The orc hits you with a +0 whip.
You feel better.
The hornet stings you but does no damage.
The wight completely misses you. The hornet misses you. The orc misses you.
The wight hits you with a +2 short sword.
You hit the wight.
The wight is almost destroyed.
You feel yourself speed up. The hornet completely misses you.
The hornet stings you.
You suddenly lose the ability to move!
The orc hits you with a +0 whip.
* * * LOW HITPOINT WARNING * * *
The wight hits you with a +2 short sword!
* * * LOW HITPOINT WARNING * * *
You partially resist.
You feel drained. The hornet stings you!
* * * LOW HITPOINT WARNING * * *
The orc hits you with a +0 whip!
You die...

#.#.#)#.#
#..#..##(.
#..#..#..###
##.#.##.((.
#.#.#...#
##(##...#
#(#.(.#
#z#y..#
#=.#@o.#
##.#...#
#....##
######


You could see a hornet, a wight and an orc.

Vanquished Creatures
  Sigmund (D:4)
  An ice beast (D:6)
  A sky beast (D:7)
  2 phantoms
  An ogre (D:6)
  6 bullfrogs
  2 scorpions
  A howler monkey (D:7)
  3 wights (D:7)
  2 hounds
  A quasit (D:6)
  A bullfrog zombie (D:7)
  A bullfrog skeleton (D:7)
  3 orc priests
  Natasha (thrice) (D:2)
  5 orc wizards
  Ijyb (D:4)
  6 worker ants
  9 adders
  A white imp (D:5)
  An ufetubus (D:5)
  An ooze (D:3)
  2 adder zombies (D:6)
  A worm (D:3)
  A dart slug (D:5)
  4 leopard geckos
  25 orcs
  7 giant cockroaches
  20 goblins
  14 hobgoblins
  4 jackals
  A quokka (D:3)
  3 ball pythons
  6 bats
  6 frilled lizards
  5 kobolds
  A quokka skeleton (D:5)
  A quokka zombie (D:5)
  6 rats
160 creatures vanquished.

Notes
Turn   | Place    | Note
-------+----------+-------------------------------------------
     0 | D:1      | Ijustatesigmund the Halfling Hunter began the quest for the
                  | Orb.
     0 | D:1      | Reached XP level 1. HP: 14/14 MP: 1/1
   120 | D:1      | Reached skill level 6 in Slings
   142 | D:1      | Reached XP level 2. HP: 19/19 MP: 2/2
   336 | D:1      | Gained mutation: You possess an exceptional clarity of
                  | mind. [potion of mutation]
   879 | D:2      | Noticed Natasha
   889 | D:2      | Killed Natasha
   889 | D:2      | Reached XP level 3. HP: 18/25 MP: 3/3
   997 | D:2      | Reached XP level 4. HP: 30/30 MP: 4/4
  1472 | D:2      | Noticed Natasha
  1479 | D:2      | Killed Natasha
  1479 | D:2      | Reached XP level 5. HP: 36/36 MP: 5/5
  1495 | D:2      | Noticed Natasha
  1500 | D:2      | Killed Natasha
  1500 | D:2      | Reached skill level 7 in Slings
  1500 | D:2      | Reached skill level 1 in Armour
  2062 | D:3      | Reached XP level 6. HP: 42/42 MP: 6/6
  2371 | D:4      | Noticed Sigmund
  2511 | D:4      | Killed Sigmund
  2511 | D:4      | Reached skill level 8 in Slings
  2511 | D:4      | Reached XP level 7. HP: 47/47 MP: 7/7
  2553 | D:4      | Noticed Ijyb
  2567 | D:4      | Killed Ijyb
  2815 | D:4      | Found a blossoming altar of Fedhas.
  2817 | D:4      | Got a slimy morningstar
  2818 | D:4      | Identified the +5 morningstar of the Dwarven Hall {vorpal,
                  | +Blink rPois rN++ Int-5} (You found it on level 4 of the
                  | Dungeon)
  2826 | D:4      | Found a burning altar of Makhleb.
  2920 | D:4      | Reached skill level 1 in Short Blades
  3485 | D:4      | Found a staircase to the Ecumenical Temple.
  3490 | Temple   | Entered the Ecumenical Temple
  3511 | Temple   | Became a worshipper of Cheibriados the Contemplative
  3551 | D:4      | Found a shattered altar of Ashenzari.
  3551 | D:4      | Found a bloodstained altar of Trog.
  3552 | D:4      | Found a basalt altar of Yredelemnul.
  3873 | D:5      | Entered Level 5 of the Dungeon
  3918 | D:5      | Reached skill level 1 in Invocations
  3987 | D:5      | Reached XP level 8. HP: 46/54 MP: 7/9
  4528 | D:5      | Reached * piety under Cheibriados
  5333 | D:6      | Reached skill level 5 in Stealth
  5451 | D:6      | Reached skill level 5 in Short Blades
  5638 | D:6      | Reached ** piety under Cheibriados
  5675 | D:6      | Reached XP level 9. HP: 50/58 MP: 12/12
  5772 | D:6      | Found a white marble altar of Elyvilon.
  6209 | D:7      | Reached skill level 5 in Invocations
  6338 | D:7      | Noticed a hornet
  6347 | D:7      | Paralysed by a hornet for 1 turns
  6352 | D:7      | Paralysed by a hornet for 1 turns
  6356 | D:7      | Paralysed by a hornet for 3 turns
  6356 | D:7      | HP: 2/59 [hornet (7)]
  6356 | D:7      | Slain by an orc

Illustrated notes

Levels and vault maps discovered:
D:1:      lightli_arrival_farm, layout_basic
D:2:      minmay_razor_zed, layout_loops_ring, kennysheep_generic_room_10,
          uniq_natasha
D:3:      layout_rooms, serial_park_tiny_1
D:4:      kennysheep_goblin_castle, layout_basic, minitemple, temple_doors_ab,
          uniq_sigmund
D:5:      layout_loops_ring
D:6:      layout_loops_ring, elyvilon_altar_5
D:7:      minmay_the_grid_four_pointed_star [minmay_the_grid_triangle_9x9_steps,
          minmay_the_grid_triangle_9x9_wacky_v,
          minmay_the_grid_triangle_9x9_thin_v,
          minmay_the_grid_triangle_9x9_fully_insulated_deathbox,
          minmay_the_grid_prize_shrinking_boxes], layout_layer_cave, the_bakery
Temple:   dpeg_chambers_temple

Skill      XL: |  1  2  3  4  5  6  7  8  9 |
---------------+----------------------------+-----
Slings         | 6 7 8 |  8.7
Fighting       | 2 3 4 |  4.4
Dodging        | 3 4 |  4.1
Armour         | 1 3 |  3.9
Short Blades   | 3 5 |  5.9
Stealth        | 3 5 6 |  6.0
Invocations    | 1 4 5 |  5.2

Action                   |  1- 3 |  4- 6 |  7- 9 || total
-------------------------+-------+-------+-------++-------
Melee: Morningstar       |       |       |     6 ||     6
 Fire: Hunting sling     |    52 |   161 |   414 ||   627
Evoke: Wand              |       |     2 |     3 ||     5
  Use: Scroll            |     4 |     8 |     3 ||    15
       Potion            |     1 |     1 |     2 ||     4
Armor: Leather armour    |     1 |     1 |    24 ||    26
       Ring mail         |       |     9 |       ||     9
Dodge: Dodged            |     2 |    24 |   113 ||   139

Table legend: (Time is in decaauts)
 A = Elapsed time spent in this place.
 B = Non-inter-level travel time spent in this place.
 C = Inter-level travel time spent in this place.
 D = Time resting spent in this place.
 E = Time spent auto-exploring this place.
 F = Levels seen in this place.
 G = Mean time per level.
                   A        B        C        D        E       F      G
               +--------+--------+--------+--------+--------+-----+--------+
         Total |   6872 |   6585 |    287 |    637 |   4930 |   8 |  859.0 |
       Dungeon |   6834 |   6564 |    270 |    637 |   4913 |   7 |  976.3 |
        Temple |     38 |     21 |     17 |      0 |     17 |   1 |   38.0 |
               +--------+--------+--------+--------+--------+-----+--------+

Top non-repeatable levels by time:
     D:4: 1540 daAuts
     D:6: 1463 daAuts
     D:5: 1100 daAuts
     D:1: 981 daAuts
     D:2: 948 daAuts
     D:3: 441 daAuts
     D:7: 358 daAuts
  Temple: 38 daAuts
